 Dungeon Crawl Stone Soup version 0.19-a0-734-ge18daf0 (webtiles) character file.

181012 Justinthyme the Anointer (level 17, -3/102 HPs)
             Began as a Deep Elf Conjurer on June 21, 2016.
             Was the Champion of Vehumet.
             Slain by a siren
             ... wielding a +0 trident
              (21 damage)
             ... on level 1 of the Shoals on June 22, 2016.
             The game lasted 06:36:33 (47116 turns).

Justinthyme the Anointer (Deep Elf Conjurer)       Turns: 47116, Time: 06:36:34

Health: -3/102     AC: 16    Str:  8    XL:     17   Next: 66%
Magic:  39/44      EV: 22    Int: 26    God:    Vehumet [******]
Gold:   183        SH:  1    Dex: 20    Spells: 9 memorised, 1 level left

rFire  + + +     SeeInvis .     a - +6 scimitar of Flaming Death {sticky flame, rPois rF++ rC- MR+}
rCold  . . .     Gourm    .     F - +1 robe "Ulaeptoz" {rPois MP+9 Dex+2 Slay-3}
rNeg   . . .     Faith    .     (no shield)
rPois  +         Spirit   .     j - +2 hat "Gugouro" {*Drain rElec MR+ Regen+ Dex+3}
rElec  +         Dismiss  .     P - +1 cloak of Tartarus {*Contam +Fly Regen+ rCorr Int-2}
rCorr  +         Reflect  .     q - +2 pair of gloves {Str+3}
SustAt +         Harm     .     S - +2 pair of boots
MR     +++..                    y - amulet of regeneration
Stlth  +++.......               b - ring of sustain attributes
                                I - ring of protection from cold (curse)

@: exhausted, engulfed (cannot breathe), slowed, repel missiles, corpse armour,
very slow, extremely resistant to hostile enchantments, fairly stealthy
A: molten scales 1, fire resistance 1
a: Renounce Religion, Evoke Flight


You were on level 1 of the Shoals.
You worshipped Vehumet.
Vehumet was exalted by your worship.
You were near starving.

You visited 5 branches of the dungeon, and saw 28 of its levels.
You also visited: Ice Cave and Volcano.

You collected 3122 gold pieces.
You spent 2939 gold pieces at shops.

Inventory:

Hand Weapons
 a - the +6 scimitar of Flaming Death (weapon) {sticky flame, rPois rF++ rC- MR+}
   (You bought it in a shop on level 8 of the Dungeon)

   It has been specially enchanted to burn those struck by it, causing extra
   injury to most foes and up to half again as much damage against particularly
   susceptible opponents.
   Big, fiery blades are also staple armaments of hydra-hunters.
   It greatly protects you from fire.
   It makes you vulnerable to cold.
   It protects you from poison.
   It affects your resistance to hostile enchantments.
Armour
 e - a +2 robe of the Archmagi
 j - the +2 hat "Gugouro" (worn) {*Drain rElec MR+ Regen+ Dex+3}
   (You found it on level 6 of the Lair of Beasts)

   It affects your dexterity (+3).
   It insulates you from electricity.
   It affects your resistance to hostile enchantments.
   It increases your rate of regeneration.
   It causes draining when unequipped.
 q - a +2 pair of gloves of strength (worn)
 F - the +1 robe "Ulaeptoz" (worn) {rPois MP+9 Dex+2 Slay-3}
   (You found it on level 14 of the Dungeon)

   It affects your dexterity (+2).
   It affects your accuracy and damage with ranged weapons and melee attacks
   (-3).
   It protects you from poison.
   It affects your magic capacity (+9).
 P - the +1 cloak of Tartarus (worn) {*Contam +Fly Regen+ rCorr Int-2}
   (You bought it in a shop on level 11 of the Dungeon)

   It affects your intelligence (-2).
   It lets you fly.
   It causes magical contamination when unequipped.
   It increases your rate of regeneration.
   It protects you from acid and corrosion.
 S - a +2 pair of boots (worn)
Magical Staves
 Q - an uncursed staff of power
Rods
 v - a +1 lightning rod (9/9)
   (You took it off an orc warlord on level 2 of the Orcish Mines)
Jewellery
 b - a ring of sustain attributes (right hand)
 y - an amulet of regeneration (around neck)
 z - an uncursed ring of teleportation
 I - a cursed ring of protection from cold (left hand)
Wands
 t - a wand of heal wounds (0/9)
 w - a wand of paralysis (3/24)
 B - a wand of digging (5/24)
 D - a wand of lightning (5/15)
 G - a wand of digging (6/24)
 L - a wand of digging (17/24)
Scrolls
 g - a scroll of recharging
 i - 2 scrolls of identify
 k - 5 scrolls of fog
 o - 12 scrolls of remove curse
Potions
 d - 2 potions of might
 h - 5 potions of brilliance
 m - 8 potions of curing
 x - 2 potions of resistance
 C - 2 potions of berserk rage
 K - 2 potions of invisibility
Miscellaneous
 n - a phantom mirror
Comestibles
 c - 6 bread rations


   Skills:
 + Level 10.2 Fighting
 * Level 7.4 Long Blades
 - Level 6.1 Armour
 + Level 11.9 Dodging
 - Level 2.4 Stealth
 - Level 12.4 Spellcasting
 * Level 16.5 Conjurations
 + Level 16.7 Charms
 - Level 12.0 Necromancy
 * Level 12.4 Air Magic
 - Level 1.3 Evocations


You had one spell level left.
You knew the following spells:

 Your Spells              Type           Power        Failure   Level  Hunger
a - Magic Dart            Conj           ####         0%          1    None
b - Searing Ray           Conj           ######       0%          2    None
c - Iskenderun's Battles  Conj/Chrm      #######.     1%          5    ###....
d - Poisonous Cloud       Conj/Pois/Air  ######....   3%          6    #####..
e - Bolt of Draining      Conj/Necr      ######....   1%          5    ###....
f - Repel Missiles        Chrm/Air       ######       0%          2    None
g - Lightning Bolt        Conj/Air       ######....   1%          5    ###....
h - Cigotuvi's Embrace    Necr           ######....   1%          5    ###....
i - Chain Lightning       Conj/Air       ######....   24%         8    #######


Dungeon Overview and Level Annotations

Branches:
Dungeon (15/15)              Lair (6/6) D:11         Shoals (1/4) Lair:3
 Spider (4/4) Lair:4        Slime (0/5) Lair:6          Orc (2/2) D:10
    Elf (0/3) Orc:2        Vaults (0/5) D:14         Depths (0/5) D:15
 Temple: D:4-7

Altars:
Ashenzari
Cheibriados
Dithmenos
Gozag
Hepliaklqana
Kikubaaqudgha
Makhleb
Pakellas
Ru
Sif Muna
Trog
Vehumet
Xom
The Shining One
Beogh
Jiyva

Shops:
D:8 %*(   D:11 *   Orc:2 *%!=   Shoals:1 }

Annotations:
D:5 Menkaure
D:10 Maud


Innate Abilities, Weirdness & Mutations

You are partially covered in molten scales. (AC +1)
Your flesh is heat resistant. (rF+)


Message History

Aim: a siren, wielding a trident
Okay, then.
You cannot read scrolls while unable to breathe!
Okay, then.
Evoke which item? (* to show all) (? for menu, Esc to quit)
Zapping:
D - a wand of lightning (will waste charges)
Press: ? - help, Shift-Dir - straight line, f - siren
Aim: a siren, wielding a trident You hear a mighty clap of thunder!
The bolt of lightning hits the siren.
The siren is moderately wounded.
The bolt of lightning hits the siren.
The siren is heavily wounded.
The bolt of lightning misses you. The bolt of lightning hits you! You resist.
* * * LOW HITPOINT WARNING * * *
Evoking this partially-identified wand wasted a few charges.
* * * LOW HITPOINT WARNING * * *
Your lungs strain for air!
The siren hits you with a trident!!
You die...

≈≈≈≈≈≈≈≈≈≈≈≈P≈.≈≈P≈≈≈≈≈≈≈≈
≈≈≈≈≈≈≈≈≈≈≈≈≈≈≈P≈≈..m..P≈≈≈≈≈≈≈
≈≈≈≈≈≈≈≈≈≈≈≈≈≈≈≈≈..#.PP..)≈≈≈≈≈
≈≈≈≈≈≈≈≈≈≈≈≈..P≈..####.P..≈≈≈≈≈
≈≈≈≈≈≈≈≈≈≈...P≈≈..## #PP.P≈≈≈≈≈
≈≈≈≈≈P≈≈≈....P.....# #......≈≈≈
≈≈≈≈≈≈P............# #..P....)≈
≈≈PPPP..###..##.EP.# P.P....≈.≈
≈≈≈≈PP## #..###@m.# .PP≈......
≈≈PPPP.#####...####...P(.......
.PPP≈P....#...## #....
...P≈≈≈≈.......# ...#
...≈≈≈PPPP≈≈≈..# ###
...≈≈≈PPP≈≈≈≈≈P#
.)..≈≈≈PPP≈≈≈P.P..
....≈≈≈≈≈P≈≈≈≈PP≈≈
..#..≈≈≈≈P≈PP≈P≈≈≈≈


You could see a water elemental and a siren.

Vanquished Creatures
  Rupert (D:13)
  Frances (D:13)
  2 ghost moths
  Aizul (Spider:1)
  2 orc warlords (Orc:2)
  Louise (D:15)
  4 emperor scorpions
  Azrael (D:13)
  3 spark wasps
  A merfolk impaler (Lair:3)
  A fire dragon (D:14)
  Josephine (Shoals:1)
  Erolcha (D:10)
  4 vault guards (D:14)
  4 hydras
  7 catoblepae
  4 centaur warriors
  An ogre mage (D:14)
  A merfolk aquamancer (Shoals:1)
  A vampire mage (D:15)
  3 orc high priests (Orc:2)
  13 death yaks
  Sonja (D:13)
  3 wizards
  A skeletal warrior (D:15)
  A golden dragon skeleton (D:15)
  2 deep elf archers (D:14)
  4 unseen horrors
  8 orc knights
  2 wolf spider zombies (Spider:3)
  A necromancer (D:15)
  9 hill giants
  20 orb spiders
  A griffon (Lair:6)
  An orb spider (shapeshifter) (D:15)
  A lindwurm (Volcano)
  18 wolf spiders
  2 hornets (Spider:3)
  9 orc sorcerers
  4 cyclopes
  8 ugly things
  2 deep elf magi
  A stone giant zombie (D:15)
  8 manticores
  6 centaur zombies
  A siren (Shoals:1)
  19 elephants
  2 moths of wrath (Spider:2)
  2 molten gargoyles (Volcano)
  5 black mambas
  4 torpor snails
  2 gargoyles (D:14)
  4 centaur skeletons
  13 spiny frogs
  4 rime drakes (Lair:6)
  23 demonic crawlers
  A yaktaur (D:13)
  A guardian mummy (D:15)
  An ice devil (IceCv)
  13 komodo dragons
  A kobold demonologist (D:13)
  A redback zombie (Spider:3)
  27 jumping spiders
  2 polar bears (Lair:6)
  8 merfolk
  15 trolls
  2 wind drakes (Shoals:1)
  2 two-headed ogres
  3 blink frogs (Lair:1)
  A meliai zombie (D:10)
  A snapping turtle (Lair:3)
  Prince Ribbit (D:5)
  3 jumping spider zombies (Spider:3)
  6 boulder beetles (Spider:3)
  5 slime creatures (D:8)
  A fire dragon skeleton (D:15)
  26 tarantellas
  2 water elementals (Shoals:1)
  2 shadows (D:15)
  A wyvern (D:13)
  A vampire (D:13)
  46 redbacks
  5 wraiths (Shoals:1)
  3 basilisks
  63 yaks
  A deep troll skeleton (D:15)
  6 hippogriffs
  7 fire bats (Volcano)
  3 hungry ghosts
  4 fire elementals
  A small abomination (Spider:3)
  A steam dragon (D:13)
  3 vampire mosquitoes
  3 wargs
  2 orb spider zombies (Spider:3)
  7 soldier ants (Spider:3)
  4 mottled dragons
  16 water moccasins
  A hell hound (D:13)
  The ghost of silvernem the Caller, an amateur DESu of Makhleb (D:4)
  7 porcupines
  50 orc warriors
  2 eyes of draining
  3 black bears
  7 wasps
  2 phantoms
  5 sky beasts
  4 ice beasts
  17 ogres
  25 centaurs
  An eye of draining (shapeshifter) (D:13)
  14 wolves
  2 necrophages
  19 crocodiles
  A big kobold (D:12)
  22 giant frogs
  14 scorpions
  10 killer bees
  4 wights (D:8)
  8 electric eels
  3 howler monkeys (D:12)
  3 lava snakes (Volcano)
  5 giant frog zombies
  14 crimson imps
  A jelly (D:9)
  20 orc priests
  2 giant frog skeletons
  10 hounds
  26 orc wizards
  24 worker ants
  12 iguanas
  8 sheep
  2 hound zombies
  2 hound skeletons
  A worker ant zombie (D:6)
  11 gnolls
  9 adders
  36 river rats
  4 shadow imps
  4 worms
  4 dart slugs
  5 giant geckos
  83 orcs
  2 ball pythons (D:3)
  4 giant cockroaches
  5 goblins
  9 hobgoblins
  5 jackals
  13 kobolds
  6 quokkas
  6 bats
  7 giant newts
  A jackal skeleton (D:4)
  9 rats
  12 crawling corpses (Spider:3)
  5 plants
  A withered plant (D:15)
1145 creatures vanquished.

Vanquished Creatures (others)
  Urug (D:13)
  18 fungi
  6 plants
  4 withered plants (D:15)
29 creatures vanquished.

Grand Total: 1174 creatures vanquished

Notes
Turn   | Place    | Note
--------------------------------------------------------------
     0 | D:1      | Justinthyme the Deep Elf Conjurer began the quest for the Orb.
     0 | D:1      | Reached XP level 1. HP: 10/10 MP: 6/6
   434 | D:1      | Reached XP level 2. HP: 15/15 MP: 5/8
   446 | D:1      | Learned a level 2 spell: Searing Ray
  1037 | D:2      | Reached XP level 3. HP: 19/19 MP: 4/11
  1038 | D:2      | Found a radiant altar of Vehumet.
  1042 | D:2      | Found a glowing golden altar of the Shining One.
  1042 | D:2      | Found an ancient bone altar of Kikubaaqudgha.
  1047 | D:2      | Became a worshipper of Vehumet
  1598 | D:2      | Found a hazy altar of Hepliaklqana.
  1661 | D:2      | Found a shimmering altar of Xom.
  1661 | D:2      | Found a shadowy altar of Dithmenos.
  1748 | D:3      | Reached skill level 5 in Spellcasting
  1940 | D:3      | Found a shattered altar of Ashenzari.
  1979 | D:3      | Reached XP level 4. HP: 24/24 MP: 10/13
  2026 | D:3      | Found a deep blue altar of Sif Muna.
  2110 | D:3      | Reached * piety under Vehumet
  2110 | D:3      | Offered knowledge of Shock by Vehumet.
  2135 | D:3      | Reached skill level 1 in Fighting
  2135 | D:3      | Reached skill level 5 in Conjurations
  2559 | D:3      | Reached XP level 5. HP: 29/29 MP: 10/14
  2563 | D:3      | Reached skill level 1 in Armour
  2690 | D:3      | Learned a level 5 spell: Iskenderun's Battlesphere
  2695 | D:3      | Learned a level 4 spell: Iskenderun's Mystic Blast
  3061 | D:4      | Noticed silvernem's ghost (amateur DESu)
  3068 | D:4      | Killed silvernem's ghost
  3068 | D:4      | Reached XP level 6. HP: 35/35 MP: 8/15
  3704 | D:4      | Reached ** piety under Vehumet
  3704 | D:4      | Reached XP level 7. HP: 36/40 MP: 9/16
  3709 | D:4      | Offered knowledge of Sandblast by Vehumet.
  4095 | D:5      | Entered Level 5 of the Dungeon
  4233 | D:5      | Noticed Prince Ribbit
  4256 | D:5      | Killed Prince Ribbit
  4256 | D:5      | Reached skill level 5 in Charms
  4450 | D:5      | Noticed Menkaure
  4609 | D:6      | Reached XP level 8. HP: 46/46 MP: 10/17
  5536 | D:7      | Noticed a troll
  5830 | D:7      | Offered knowledge of Throw Flame by Vehumet.
  5885 | D:7      | Found an opulent altar of Gozag.
  5895 | D:7      | Killed a troll
  5895 | D:7      | Reached XP level 9. HP: 52/52 MP: 10/18
  5970 | D:7      | Found a shadowy altar of Dithmenos.
  6272 | D:7      | Reached *** piety under Vehumet
  6845 | D:7      | Found an opulent altar of Gozag.
  7207 | D:8      | Found Vopu's Antique Weapon Boutique.
  7374 | D:8      | Reached skill level 10 in Charms
  7406 | D:8      | Found Muduwk's Assorted Antiques.
  7541 | D:8      | Reached skill level 5 in Fighting
  7660 | D:8      | Offered knowledge of Airstrike by Vehumet.
  7833 | D:7      | Reached skill level 5 in Armour
  8000 | D:8      | Reached XP level 10. HP: 59/59 MP: 11/19
  8066 | D:8      | Found Qiezast's Food Shop.
  8188 | D:8      | Found a bloodstained altar of Trog.
  8191 | D:8      | Reached skill level 10 in Conjurations
  8500 | D:8      | Reached **** piety under Vehumet
  8836 | D:8      | Offered knowledge of Bolt of Draining by Vehumet.
  9330 | D:9      | Learned a level 5 spell: Bolt of Draining
  9813 | D:9      | Found an oddly glowing altar of Pakellas.
  9842 | D:10     | Entered Level 10 of the Dungeon
  9963 | D:10     | Noticed Erolcha
  9967 | D:10     | Killed Erolcha
 10116 | D:10     | Noticed a white ugly thing
 10138 | D:10     | Killed a white ugly thing
 10138 | D:10     | Reached XP level 11. HP: 64/64 MP: 6/22
 10248 | D:10     | Noticed Maud
 10529 | D:10     | Noticed a hill giant
 10535 | D:10     | Killed a hill giant
 10585 | D:11     | Noticed a hill giant
 10721 | D:10     | Found a staircase to the Orcish Mines.
 11014 | D:10     | Reached ***** piety under Vehumet
 11194 | D:10     | Offered knowledge of Iron Shot by Vehumet.
 11311 | D:11     | Found a staircase to the Lair.
 11547 | D:10     | Learned a level 2 spell: Repel Missiles
 11623 | D:10     | Reached skill level 1 in Necromancy
 11849 | D:11     | Upgraded the game from 0.19-a0-726-g4af737f to 0.19-a0-727-g0a03c4b
 11919 | D:11     | Killed a hill giant
 11959 | D:11     | Reached skill level 1 in Air Magic
 12149 | D:11     | Found Gutous's Assorted Antiques.
 12152 | D:11     | Bought a bloodstained cloak for 313 gold pieces
 12157 | D:11     | Identified the +1 cloak of Tartarus {*Contam +Fly Regen+ rCorr Int-2} (You bought it in a shop on level 11 of the Dungeon)
 12283 | D:11     | Noticed a hill giant
 12481 | Lair:1   | Entered Level 1 of the Lair of Beasts
 13015 | Lair:1   | Learned a level 5 spell: Lightning Bolt
 13536 | Lair:2   | Reached skill level 5 in Dodging
 13601 | Lair:2   | Noticed a four-headed hydra
 13607 | Lair:2   | Killed a four-headed hydra
 13607 | Lair:2   | Reached XP level 12. HP: 72/72 MP: 21/25
 14307 | Lair:2   | Reached skill level 5 in Necromancy
 14808 | Lair:3   | Offered knowledge of Bolt of Cold by Vehumet.
 15095 | Lair:3   | Noticed a seven-headed hydra
 15101 | Lair:3   | Killed a seven-headed hydra
 16211 | Lair:3   | Found a staircase to the Shoals.
 16768 | Lair:4   | Noticed a catoblepas
 16802 | Lair:4   | Found a frozen archway.
 16810 | Lair:4   | Noticed a four-headed hydra
 16817 | Lair:4   | Killed a four-headed hydra
 16850 | IceCv    | Entered an ice cave
 17171 | Lair:4   | Reached skill level 1 in Evocations
 17372 | Lair:1   | Gained mutation: Your flesh is heat resistant. (rF+) [potion of beneficial mutation]
 17373 | Lair:1   | Gained mutation: You are partially covered in molten scales. (AC +1) [potion of beneficial mutation]
 17514 | Lair:4   | Killed a catoblepas
 17656 | Lair:4   | Reached XP level 13. HP: 76/76 MP: 22/28
 17858 | Lair:4   | Found a hole to the Spider Nest.
 18365 | Lair:5   | Offered knowledge of Poisonous Cloud by Vehumet.
 19248 | Lair:5   | Reached skill level 5 in Air Magic
 20250 | D:3      | Identified Sif Muna's Catalogue of Glamour
 20539 | Lair:6   | Entered Level 6 of the Lair of Beasts
 21264 | Lair:6   | Found a sacrificial altar of Ru.
 21338 | Lair:6   | Offered knowledge of Bolt of Magma by Vehumet.
 23563 | D:12     | Reached XP level 14. HP: 50/84 MP: 21/29
 23681 | D:13     | Noticed Urug
 23682 | D:13     | Noticed Azrael
 23688 | D:13     | Killed Urug
 23758 | Orc:1    | Entered Level 1 of the Orcish Mines
 23977 | Orc:2    | Entered Level 2 of the Orcish Mines
 23983 | Orc:2    | Found a staircase to the Elven Halls.
 24152 | Orc:1    | Found a dark tunnel.
 24161 | Volcano  | Entered a volcano
 24319 | Volcano  | Found a burning altar of Makhleb.
 24421 | Volcano  | Reached skill level 10 in Spellcasting
 24620 | Orc:1    | Found a roughly hewn altar of Beogh.
 25096 | Lair:6   | Found a viscous altar of Jiyva.
 25096 | Lair:6   | Found a staircase to the Slime Pits.
 25190 | Lair:5   | Offered knowledge of Poison Arrow by Vehumet.
 26954 | Lair:6   | Reached skill level 10 in Necromancy
 27640 | Lair:6   | Got a slimy hat
 27641 | Lair:6   | Identified the +2 hat "Gugouro" {*Drain rElec MR+ Regen+ Dex+3} (You found it on level 6 of the Lair of Beasts)
 27896 | Lair:1   | Learned a level 6 spell: Poisonous Cloud
 28531 | Orc:2    | Offered knowledge of Spellforged Servitor by Vehumet.
 28609 | Orc:2    | Noticed an orc warlord
 29025 | Orc:1    | Upgraded the game from 0.19-a0-727-g0a03c4b to 0.19-a0-734-ge18daf0
 29113 | Orc:2    | Reached skill level 15 in Charms
 29359 | Orc:2    | Reached XP level 15. HP: 64/89 MP: 10/31
 29547 | Orc:2    | Killed an orc warlord
 30069 | Orc:2    | Noticed an orc warlord
 30085 | Orc:2    | Killed an orc warlord
 30086 | Orc:2    | Reached skill level 10 in Dodging
 30256 | Orc:2    | Offered knowledge of Freezing Cloud by Vehumet.
 30609 | Orc:2    | Found Roplek's Food Boutique.
 30609 | Orc:2    | Found Osawomer's General Store.
 30610 | Orc:2    | Found Ibeliat's Jewellery Shoppe.
 30610 | Orc:2    | Found Vamyum's Distillery.
 31192 | Lair:1   | Learned a level 5 spell: Cigotuvi's Embrace
 31522 | D:13     | Reached skill level 10 in Air Magic
 31557 | D:13     | Killed Azrael
 31845 | D:8      | Bought the +6 scimitar of Flaming Death {sticky flame, rPois rF++ rC- MR+} for 2257 gold pieces
 32297 | D:13     | Noticed Frances
 32494 | D:13     | Noticed Sonja
 32496 | D:13     | Killed Sonja
 32496 | D:13     | Reached skill level 1 in Long Blades
 32817 | D:13     | Killed Frances
 33012 | D:13     | Noticed Rupert
 33040 | D:13     | Killed Rupert
 33857 | D:14     | Found a burning altar of Makhleb.
 33897 | D:14     | Got a twisted robe
 33898 | D:14     | Identified the +1 robe "Ulaeptoz" {rPois MP+9 Dex+2 Slay-3} (You found it on level 14 of the Dungeon)
 34192 | D:14     | Reached skill level 15 in Conjurations
 35004 | D:14     | Found a gate to the Vaults.
 35233 | D:15     | Entered Level 15 of the Dungeon
 35288 | D:15     | Noticed Louise
 35291 | D:15     | Killed Louise
 35328 | D:15     | Reached XP level 16. HP: 45/96 MP: 13/33
 35383 | D:15     | Got a faintly humming plate armour
 35384 | D:15     | Identified the cursed +0 plate armour "Kenof" {rPois rCorr Str+7 Dex-5} (You found it on level 15 of the Dungeon)
 35561 | D:15     | Found a staircase to the Depths.
 36270 | D:15     | Found a snail-covered altar of Cheibriados.
 37526 | D:11     | Bought an encrusted brass ring for 165 gold pieces
 37629 | Spider:1 | Entered Level 1 of the Spider Nest
 37711 | Spider:1 | Reached ****** piety under Vehumet
 37904 | Spider:1 | Noticed Aizul
 37910 | Spider:1 | Killed Aizul
 38875 | Spider:2 | Reached skill level 5 in Long Blades
 38993 | Spider:2 | Offered knowledge of Fire Storm by Vehumet.
 38993 | Spider:2 | Offered knowledge of Glaciate by Vehumet.
 38993 | Spider:2 | Offered knowledge of Chain Lightning by Vehumet.
 41647 | Spider:3 | Reached XP level 17. HP: 68/101 MP: 23/35
 41779 | Spider:3 | Learned a level 8 spell: Chain Lightning
 42691 | Spider:3 | Reached skill level 10 in Fighting
 42758 | Spider:3 | Got a brightly glowing brass amulet
 42759 | Spider:3 | Identified the amulet of Zeomuugg {Inacc rElec MR+} (You found it on level 3 of the Spider Nest)
 43960 | Spider:4 | Entered Level 4 of the Spider Nest
 44808 | D:11     | Bought a scroll of teleportation for 99 gold pieces
 44907 | D:8      | Bought a scroll of teleportation for 105 gold pieces
 46021 | Spider:3 | HP: 5/102 [something (1)]
 46022 | Spider:3 | HP: 1/102 [something (10)]
 46505 | Shoals:1 | Entered Level 1 of the Shoals
 46858 | Shoals:1 | Noticed Josephine
 46862 | Shoals:1 | Killed Josephine
 46941 | Shoals:1 | Found Xaroi's Gadget Emporium.
 47101 | Shoals:1 | HP: 5/102 [drowned by a water elemental (5)]
 47104 | Shoals:1 | HP: 1/153 [water elemental (9)]
 47116 | Shoals:1 | Slain by a siren

Vault maps used:
D:1:      dpeg_arrival_shrine
D:2:      nicolae_overflow_hidden_temple, grunt_temple_overflow_open,
          gammafunk_temple_overflow_wave, kennysheep_nub
D:3:      evilmike_ruin_ashenzari, first_bread, led_sif_book
D:4:      grunt_decor_arrowhead, kennysheep_big_empty_room
D:5:      serial_shops, shop_statue, kennysheep_minor_cross,
          uniq_prince_ribbit1, uniq_menkaure
D:7:      black_bear_nest_1, old_standard_altar, basic_altar, lemuel_tele_altar
D:8:      nicolae_overflow_crystal_walls, serial_shops,
          nicolae_shop_overgrown_old_shop, shop, shop, serial_bayou,
          serial_bayou_ford_a, serial_bayou_pond_d, serial_bayou_pond_a,
          serial_bayou_shore_b, grunt_ogre_cave, grunt_ministairs_15,
          eino_tiny_chamber
D:9:      old_standard_altar
D:10:     erik_orc_3, abandoned_shop, uniq_erolcha, uniq_maud
D:11:     david_lair_generic, serial_shops, kennysheep_mini
D:13:     minmay_curly_fans, uniq_frances, uniq_azrael, uniq_rupert, uniq_sonja,
          uniq_urug
D:14:     grunt_vaults_entry_fortified, lemuel_doored_altar
D:15:     gammafunk_depths_entry_grave, roderic_serpentine_path, basic_altar,
          uniq_louise
Lair:1:   lab_entry_generic
Lair:2:   infiniplex_staircase_pool_2, grunt_megastairs_4
Lair:3:   shoals_dummy_entry, beast_lair_carwin_6
Lair:4:   nicolae_spider_entry_orb_guardian, portal_ice_cave_entry_pillars_2,
          minivault_23, lemuel_fruit_fields
Lair:5:   serial_bayou_lake_a
Lair:6:   evilmike_catoblepas_cave, slime_altar_1, basic_altar
Shoals:1: serial_shops, nicolae_shop_statue_plus, uniq_josephine
Spider:1: spider_trap, uniq_aizul
Spider:3: hangedman_creepy_crawlies
Spider:4: grunt_spider_rune_circles, nicolae_spider_cling_ruins
Orc:1:    nicolae_volcano_entry_lava_flow, mines1_david
Orc:2:    st_orc_elflike, minmay_orc_treasury
IceCv:    ice_cave_tombish
Volcano:  volcano_lake

Skill      XL: |  1  2  3  4  5  6  7  8  9 10 11 12 13 14 15 16 17 |
---------------+----------------------------------------------------+-----
Spellcasting   | 4 5 6 7 9 10 11 12 | 12.4
Fighting       | 1 2 3 4 5 6 7 8 9 10 | 10.2
Conjurations   | 5 6 7 9 11 12 13 14 15 16 | 16.5
Armour         | 1 2 3 5 6 |  6.1
Charms         | 3 5 9 10 11 12 13 15 16 | 16.7
Necromancy     | 4 7 9 10 11 12 | 12.0
Dodging        | 5 7 8 9 10 11 | 11.9
Air Magic      | 2 4 7 9 10 11 12 | 12.4
Evocations     | 1 |  1.3
Long Blades    | 3 6 7 |  7.4
Stealth        | |  2.4

Action                   |  1- 3 |  4- 6 |  7- 9 | 10-12 | 13-15 | 16-18 || total
-------------------------+-------+-------+-------+-------+-------+-------++-------
Melee: Short sword       |       |     2 |    21 |       |       |       ||    23
       Quarterstaff      |       |       |       |    33 |   103 |       ||   136
       Scimitar          |       |       |       |       |    32 |   182 ||   214
       Staff             |       |       |       |       |       |     3 ||     3
 Cast: Magic Dart        |    70 |    72 |   266 |   513 |   910 |   346 ||  2177
       Searing Ray       |     4 |    12 |    21 |    49 |    67 |    40 ||   193
       Iskenderun's Batt |       |       |    12 |    86 |   188 |   108 ||   394
       Iskenderun's Myst |       |       |     1 |     5 |    17 |       ||    23
       Repel Missiles    |       |       |       |     1 |     2 |     1 ||     4
       Bolt of Draining  |       |       |       |     1 |       |       ||     1
       Lightning Bolt    |       |       |       |    14 |   174 |   304 ||   492
       Poisonous Cloud   |       |       |       |       |     6 |    12 ||    18
       Cigotuvi's Embrac |       |       |       |       |     2 |     4 ||     6
 Abil: Evoke Flight      |       |       |       |       |     3 |     2 ||     5
Evoke: Wand              |       |       |       |       |     7 |    13 ||    20
  Use: Scroll            |     1 |     3 |    10 |    16 |    11 |    22 ||    63
       Potion            |       |       |       |     7 |       |    11 ||    18
  Eat: Chunk             |     3 |     5 |    16 |    44 |    75 |    32 ||   175
       Pizza             |       |       |       |     1 |     1 |     1 ||     3
       Fruit             |       |       |       |     1 |       |       ||     1
       Meat ration       |       |       |       |     1 |     2 |     3 ||     6
       Bread ration      |       |       |       |       |     5 |     6 ||    11
Armor: Robe              |       |     3 |    37 |    97 |   212 |   326 ||   675
       Skin              |       |       |       |    45 |       |       ||    45
Dodge: Dodged            |     2 |     7 |    94 |   218 |   623 |   857 ||  1801
       Deflected         |       |       |       |     1 |    18 |     5 ||    24
Block: Other             |       |       |       |       |       |    11 ||    11
